 Dungeon Crawl Stone Soup version 0.31-a0-232-gb1c03b2570 (webtiles) character file.

Game seed: 6033460273593762532

80 qw the Shooter (level 4, -1/36 HPs)
             Began as a Minotaur Hexslinger on July 7, 2023.
             Slain by an orc wizard
             ... wielding a +0 dagger
              (3 damage)
             ... on level 2 of the Dungeon.
             The game lasted 00:00:42 (1647 turns).

qw the Shooter (Minotaur Hexslinger)                Turns: 1647, Time: 00:00:42

Health: -1/36      AC:  5    Str: 12    XL:     4   Next: 18%
Magic:  4/4        EV: 11    Int: 10    God:
Gold:   61         SH:  0    Dex: 15    Spells: 4/5 levels left

rFire   . . .        Y - +2 sling (freeze)
rCold   . . .        (no shield)
rNeg    . . .        g - +0 ring mail
rPois   .            (helmet restricted)
rElec   .            i - scarf {repulsion}
rCorr   .            (no gloves)
SInv    .            (no boots)
Will    .....        (no amulet) Stlth
                     (no ring)
HPRegen 0.26/turn    (no ring)
MPRegen 0.09/turn

%: repel missiles
@: confused
A: horns 2, retaliatory headbutt
a: no special abilities


You were on level 2 of the Dungeon.
You visited 1 branch of the dungeon, and saw 3 of its levels.

You collected 61 gold pieces.


Innate Abilities, Weirdness & Mutations

You have a pair of horns on your head.
You reflexively headbutt those who attack you in melee.


   Skills:
 - Level 2.0 Fighting
 + Level 4.5 Ranged Weapons
 - Level 1.0 Armour
 - Level 2.1 Dodging
 - Level 1.0 Spellcasting
 - Level 2.0 Hexes


You had 4 spell levels left.
You knew the following spells:

 Your Spells              Type           Power      Damage    Failure   Level
a - Slow                  Hex            16%        N/A       34%         1

Your spell library contained the following spells:

 Spells                   Type           Power      Damage    Failure   Level
 Inner Flame              Hex/Fire       2%         N/A       83%         3
 Portal Projectile        Hex/Tloc       4%         N/A       83%         3
 Cause Fear               Hex            2%         N/A       98%         4

Inventory:

Hand Weapons
 Y - a +2 sling of freezing (weapon)
Armour
 f - a +0 cloak
 g - a +0 ring mail (worn)
 i - a scarf of repulsion (worn)
Potions
 b - a potion of resistance {unknown}
 c - a potion of brilliance {unknown}
 d - a potion of mutation {unknown}
 h - a potion of attraction {unknown}

Dungeon Overview and Level Annotations

Branches:
Dungeon (3/15)

Altars:


Message History

Something hits you but does no damage. x2
You shoot a sling bullet. Something hits you but does no damage.
You shoot a sling bullet. Something hits you.
You shoot a sling bullet. Something hits you but does no damage.
You hear some strange, mumbled words.
A magic dart appears from out of thin air!
The magic dart hits you!
You shoot a sling bullet. Something hits you but does no damage.
You shoot a sling bullet. Something hits you but does no damage.
You shoot a sling bullet.
You hear some strange, mumbled words.
A magic dart appears from out of thin air!
The magic dart hits you.
You hear some strange, mumbled words.
Something tries to affect you, but you resist.
You shoot a sling bullet. Something hits you.
You shoot a sling bullet. Something hits you.
You shoot a sling bullet.
You hear some strange, mumbled words.
You are confused.
You shoot a sling bullet.
You hear some strange, mumbled words.
A puff of flame appears from out of thin air!
The puff of flame is repelled.
Something hits you but does no damage.
You shoot a sling bullet. Something hits you.
You shoot a sling bullet. Something hits you.
You shoot a sling bullet. Something hits you.
You shoot a sling bullet. Something hits you.
You die...

..#####......#.....##
....................#
....................#
....................#
.....##............##
.....##......#.....####
.....#########........#
.....#####.....){.....#########
...............)@...)..[......#
.....#####............#######.#
.....# #..........#.#.###.#.#
.....##########...#.#.#.....#.#
.............##.....#.#.###.#.#
###..........##.....#.#.#.....#
# #..........###....#.#<..#...#
# #..........###....#.#.###...#
###.................#.........#


There were no monsters in sight!

Vanquished Creatures
  2 adders (D:2)
  A gnoll (D:1)
  2 dart slugs
  5 orcs
  A ball python (D:1)
  4 endoplasms
  A giant cockroach (D:1)
  3 goblins
  6 hobgoblins
  4 kobolds
  2 quokkas (D:1)
  5 bats
  A frilled lizard (D:2)
  3 rats
40 creatures vanquished.

Notes
Turn   | Place    | Note
-------+----------+-------------------------------------------
     0 | D:1      | qw the Minotaur Hexslinger began the quest for the Orb.
     0 | D:1      | Reached XP level 1. HP: 16/16 MP: 1/1
     0 | D:1      | 0 ||| qw: Version: 0.3-a-46-gb1f654a
     0 | D:1      | 0 ||| qw: Game counter: 2811
     0 | D:1      | 0 ||| qw: Melee chars always use a shield: true
     0 | D:1      | 0 ||| qw: God list: Okawaru
     0 | D:1      | 0 ||| qw: Allow faded altars: false
     0 | D:1      | 0 ||| qw: Do Orc after clearing Dungeon:15 true
     0 | D:1      | 0 ||| qw: Do second Lair branch before Depths: true
     0 | D:1      | 0 ||| qw: Lair rune preference: random
     0 | D:1      | 0 ||| qw: Goals: Normal
     0 | D:1      | 0 ||| PLANNING D:1-11
    38 | D:1      | Reached skill level 3 in Ranged Weapons
    38 | D:1      | Reached XP level 2. HP: 23/23 MP: 2/2
   582 | D:1      | Reached XP level 3. HP: 21/29 MP: 3/3
   826 | D:1      | 826 ||| UPGRADING to +0 leather armour.
   836 | D:1      | 836 ||| DROPPING +0 robe.
   837 | D:1      | 837 ||| READING scroll labelled HEPREI RIECI.
   838 | D:1      | 838 ||| READING scroll labelled OVEAFUMIOX.
   839 | D:1      | 839 ||| READING scroll labelled PUIKHI IQIDICH.
   840 | D:1      | 840 ||| READING scroll labelled JYRETO OLOMN.
   843 | D:1      | 843 ||| DROPPING scroll of poison.
   962 | D:2      | Reached skill level 4 in Ranged Weapons
  1125 | D:2      | Reached XP level 4. HP: 36/36 MP: 4/4
  1128 | D:2      | Identified the +9 dagger of Asiro {freeze, rF+}
  1488 | D:2      | 1488 ||| UPGRADING to +0 cloak.
  1493 | D:2      | 1493 ||| UPGRADING to +0 ring mail.
  1503 | D:2      | 1503 ||| DROPPING +0 leather armour.
  1504 | D:2      | 1504 ||| UPGRADING to scarf of repulsion.
  1514 | D:2      | 1514 ||| READING scroll labelled DAINAT LYSCHA.
  1524 | D:3      | 1524 ||| PLANNING SEWER
  1525 | D:3      | 1525 ||| STAIRDANCE
  1545 | D:3      | 1545 ||| STAIRDANCE
  1579 | D:3      | 1579 ||| STAIRDANCE
  1580 | D:3      | Reached skill level 1 in Armour
  1599 | D:3      | 1599 ||| STAIRDANCE
  1614 | D:3      | 1614 ||| STAIRDANCE
  1621 | D:3      | 1621 ||| STAIRDANCE
  1640 | D:2      | HP: 8/36 [something (2)]
  1645 | D:2      | HP: 3/36 [something (3)]
  1647 | D:2      | Slain by an orc wizard

Levels and vault maps discovered:
D:1:      dpeg_arrival_rooms_b, layout_basic, grunt_decor_cap,
          kennysheep_small_spiral
D:2:      layout_basic
D:3:      layout_basic, gup_sewer_entry_pipe, nrook_campfire

Skill      XL: |  1  2  3  4 |
---------------+-------------+-----
Ranged Weapons | 3 4 |  4.5
Fighting       | 2 |  2.0
Armour         | 1 |  1.0
Dodging        | |  2.1
Spellcasting   | |  1.0
Hexes          | |  2.0

Action                     |  1- 3 |  4- 6 || total
---------------------------+-------+-------++-------
   Fire: Sling             |   105 |    34 ||   139
    Use: Scroll            |     4 |     1 ||     5
 Armour: Robe              |     6 |       ||     6
         Leather armour    |     3 |       ||     3
         Ring mail         |       |    17 ||    17
  Dodge: Dodged            |    31 |    12 ||    43
         Repelled          |       |     2 ||     2

Table legend:
 A = Non-vault XP
 B = Vault XP
 C = Vault XP percentage of total XP
 D = Non-vault monster count
 E = Vault monster count
 F = Vault count percentage of total count
                 A         B        C        D         E       F
            +---------+---------+-------+---------+---------+-------
      Total |     115 |       0 |   0.0 |      40 |       0 |   0.0
            +---------+---------+-------+---------+---------+-------
        D:1 |      49 |       0 |   0.0 |      20 |       0 |   0.0
        D:2 |      60 |       0 |   0.0 |      18 |       0 |   0.0
        D:3 |       6 |       0 |   0.0 |       2 |       0 |   0.0
            +---------+---------+-------+---------+---------+-------
